 Dungeon Crawl Stone Soup version 0.26.1-11-gd32895ea62 (webtiles) character file.

Game seed: 2193725474685897545

316 Urokeeper the Covert (level 6, -2/39 HPs)
             Began as a Vampire Brigand on July 21, 2021.
             Slain by an orc wizard
             ... wielding a +0 dagger
              (4 damage)
             ... on level 4 of the Dungeon on July 22, 2021.
             The game lasted 00:42:32 (3247 turns).

Urokeeper the Covert (Vampire Brigand)              Turns: 3247, Time: 00:42:32

Health: -2/39      AC:  8    Str:  5 (10) XL:     6   Next: 20%
Magic:  6/6        EV: 11    Int:  9 (14) God:
Gold:   140        SH:  0    Dex: 11 (17) Spells: 5/5 levels left

rFire    . . .     SeeInvis +   a - +2 dagger
rCold    . . .     Faith    .   (no shield)
rNeg     . . .     Spirit   .   k - +0 leather armour
rPois    .         Reflect  .   (no helmet)
rElec    .         Harm     .   c - +0 cloak
rCorr    .         Rampage  .   (no gloves)
Will     .....                  (no boots)
Stlth    ++++......             (no amulet)
HPRegen  0.33/turn              t - +4 ring of protection
MPRegen  0.10/turn              (no ring)

@: regenerating quickly
A: fangs 3, see invisible, [frail 1], unbreathing
a: Exsanguinate


You were on level 4 of the Dungeon.
You visited 1 branch of the dungeon, and saw 4 of its levels.

You collected 140 gold pieces.

Inventory:

Hand Weapons
 a - a +2 dagger (weapon)
 j - a +0 dagger
 l - a +0 short sword
Missiles
 d - 8 poisoned darts
 e - a curare-tipped dart
 g - 51 bolts
 n - an atropa-tipped dart (quivered)
 v - 22 arrows
Armour
 b - a +0 robe
 c - a +0 cloak (worn)
 k - a +0 leather armour (worn)
Jewellery
 t - a +4 ring of protection (left hand)
Scrolls
 f - 5 scrolls of remove curse {unknown}
 h - a scroll of magic mapping {unknown}
 i - a scroll of noise {unknown}
 m - 7 scrolls of identify {unknown}
 o - 5 scrolls of enchant armour {unknown}
 r - 2 scrolls of teleportation {unknown}


   Skills:
 + Level 2.3 Fighting
 + Level 3.7 Short Blades
 + Level 1.7 Throwing
 + Level 1.9 Armour
 + Level 2.2 Dodging
 + Level 8.7 Stealth


You had 5 spell levels left.
You didn't know any spells.
Your spell library contained the following spells:

 Spells                   Type           Power        Failure   Level
 Sandblast                Erth           0%           54%         1


Dungeon Overview and Level Annotations

Branches:
Dungeon (4/15)
 Temple: D:4-7

Altars:
Ashenzari
Fedhas
Sif Muna

Portals:
Abyss: D:4

Annotations:
D:3 2 transporters, nothank2's ghost, amateur GrFi
D:4 2 transporters, scsoc's ghost, amateur HuAM


Innate Abilities, Weirdness & Mutations

Your natural rate of healing is unusually fast.
You have razor-sharp teeth.
You have supernaturally acute eyesight. (SInv)
You can survive without breathing.
[You are frail. (-10% HP)]


Message History

The orc wizard blinks!
The orc wizard casts a spell at you. The magic dart hits you!
The orc wizard gestures at you while chanting.
The magic dart hits you.
* * * LOW HITPOINT WARNING * * *
The orc wizard casts a spell at you. The magic dart hits you!
* * * LOW HITPOINT WARNING * * *
The orc wizard barely misses you.
You closely miss the orc wizard.
The orc wizard is almost dead.
The orc wizard barely misses you.
The orc wizard hits you but does no damage.
You barely miss the orc wizard.
The orc wizard is almost dead.
The orc wizard gestures wildly while chanting.
The orc wizard blinks!
The orc wizard hits you with a +0 dagger.
You die...

####### .... #......
..o(..## #.## ###.#..
...##..#
#..############.#.. ...
##.## #...............#..
.o. #..#
#.[.######...####.. ...
##.# #.#.## #...# ##.. o..
#§## #.#..#####...# #...
...
#..######o##.....#...###...
...
##.....o.o@§..............>
########.##.....###.......
###.##.....#.........
#...##.....#.....####
#...##.....#.....#.?#
#...####.###.....##.. #...#
#.###......#.#
##...####..##.....##..
#).....###.####..##..∩


You could see an orc wizard (invisible) and 2 orcs.

Vanquished Creatures
  An ogre (D:4)
  2 orc wizards (D:3)
  A killer bee zombie (D:3)
  7 adders
  3 oozes
  3 worms (D:3)
  2 leopard geckos
  An orc (D:3)
  6 bats
  3 giant cockroaches
  2 goblins (D:1)
  9 hobgoblins
  9 jackals
  5 kobolds
  A quokka (D:3)
  6 ball pythons
  2 frilled lizards (D:2)
  A leopard gecko skeleton (D:4)
  11 rats
75 creatures vanquished.

Notes
Turn   | Place    | Note
-------+----------+-------------------------------------------
     0 | D:1      | Urokeeper the Vampire Brigand began the quest for the Orb.
     0 | D:1      | Reached XP level 1. HP: 16/16 MP: 1/1
   105 | D:1      | Reached skill level 6 in Stealth
   136 | D:1      | Reached XP level 2. HP: 20/22 MP: 2/2
   513 | D:1      | Reached XP level 3. HP: 25/27 MP: 3/3
   535 | D:1      | Reached skill level 7 in Stealth
   940 | D:2      | Reached XP level 4. HP: 33/33 MP: 4/4
  1219 | D:2      | Found a broken altar of Ashenzari.
  1293 | D:3      | Reached skill level 1 in Armour
  1341 | D:3      | Found a blossoming altar of Fedhas.
  1348 | D:3      | Found a shimmering blue altar of Sif Muna.
  1588 | D:3      | Reached XP level 5. HP: 34/38 MP: 5/5
  1720 | D:3      | Found a transporter.
  1722 | D:3      | Noticed nothank2's ghost (amateur GrFi)
  2220 | D:3      | Found a shimmering blue altar of Sif Muna.
  2228 | D:3      | Reached skill level 8 in Stealth
  2274 | D:3      | Identified Sif Muna's Guide on the Mountains
  2749 | D:3      | Found a transporter.
  2750 | D:3      | Noticed an ogre
  2752 | D:3      | Identified the +1 great mace of Doors {flame, Str+6 Int-3
                  | SInv}
  2752 | D:3      | Noticed an ogre
  2804 | D:4      | Noticed an ogre
  2829 | D:4      | Found a one-way gate to the infinite horrors of the Abyss.
  2829 | D:4      | Noticed scsoc's ghost (amateur HuAM)
  2924 | D:4      | Found a transporter.
  3006 | D:4      | Killed an ogre
  3007 | D:4      | Reached XP level 6. HP: 39/39 MP: 6/6
  3054 | D:4      | Noticed a small abomination
  3089 | D:4      | Identified the +10 halberd of Exquisite Torment {distort,
                  | Dex+3}
  3099 | D:4      | Found a transporter.
  3247 | D:4      | Slain by an orc wizard

Illustrated notes

Levels and vault maps discovered:
D:1:      sevenhm_arrival_forest_fort_large_1, layout_rooms
D:2:      layout_basic, lemuel_coloured_pillars_altar
D:3:      layout_basic, chequers_temple_overflow_statue_of_worship,
          gammafunk_ghost_smash, led_sif_book
D:4:      kennysheep_spiral_hall, layout_basic, gammafunk_ghost_abyssal_escape

Skill      XL: |  1  2  3  4  5 |
---------------+----------------+-----
Stealth        | 6 7 8 |  8.7
Fighting       | 2 |  2.3
Dodging        | 2 |  2.2
Armour         | 1 |  1.9
Short Blades   | 3 |  3.7
Throwing       | |  1.7

Action                   |  1- 3 |  4- 6 || total
-------------------------+-------+-------++-------
Melee: Dagger            |   131 |   169 ||   300
       Bite              |     7 |     8 ||    15
       Unarmed           |       |     1 ||     1
Throw: Dart              |       |    12 ||    12
 Abil: End Transformatio |       |     2 ||     2
       Bat Form          |       |     2 ||     2
       Exsanguinate      |       |     1 ||     1
       Revivify          |       |     1 ||     1
  Use: Potion            |       |     5 ||     5
 Stab: Sleeping          |     8 |    14 ||    22
Armor: Robe              |    15 |       ||    15
       Leather armour    |    11 |    31 ||    42
Dodge: Dodged            |    78 |    75 ||   153
